 Dungeon Crawl Stone Soup version 0.28.0-53-g5a82cb258f (webtiles) character file.

Game seed: 17189573859324805040

226 ZappyNine the Stinger (level 6, -6/33 HPs)
             Began as a Gargoyle Venom Mage on May 30, 2022.
             Mangled by Menkaure (20 damage)
             ... on level 4 of the Dungeon.
             The game lasted 00:09:25 (4319 turns).

ZappyNine the Stinger (Gargoyle Venom Mage)         Turns: 4319, Time: 00:09:26

Health: -6/33      AC: 10    Str: 12    XL:     6   Next: 1%
Magic:  10/10      EV: 11    Int: 17    God:
Gold:   124        SH:  0    Dex: 10    Spells: 3/10 levels left

rFire   . . .      SeeInvis .   d - +0 club
rCold   . . .      Faith    .   (no shield)
rNeg    + . .      Spirit   .   a - +0 robe
rPois   ∞          Reflect  .   o - +0 hat
rElec   +          Harm     .   (no cloak)
rCorr   .          Rampage  .   c - +2 pair of gloves
Will    .....                   h - +0 pair of boots
Stlth   ++........              (no amulet)
HPRegen 0.11/turn               (no ring)
MPRegen 0.12/turn               (no ring)

@: no status effects
A: sickness immunity, AC +4, negative energy resistance 1, electricity
resistance, torment resistance 1, petrification resistance
a: no special abilities


You were on level 4 of the Dungeon.
You visited 1 branch of the dungeon, and saw 4 of its levels.

You collected 124 gold pieces.

Inventory:

Hand Weapons
 d - a +0 club (weapon)
Armour
 a - a +0 robe (worn)
 c - a +2 pair of gloves (worn)
 h - a +0 pair of boots (worn)
 o - a +0 hat (worn)
Jewellery
 n - a +6 ring of intelligence
Wands
 q - a wand of acid (4)
Scrolls
 e - 2 scrolls of magic mapping {unknown}
 i - 2 scrolls of noise {unknown}
 k - a scroll of vulnerability {unknown}
 l - a scroll of fear {unknown}
 p - 4 scrolls of teleportation {unknown}
 r - a scroll of immolation {unknown}
Potions
 b - a potion of haste {unknown}
 f - a potion of flight {unknown}
 g - a potion of lignification {unknown}
 j - a potion of degeneration {unknown}
 m - 2 potions of curing {unknown}
 s - a potion of heal wounds {unknown}


   Skills:
 - Level 0.6 Fighting
 - Level 1.3 Maces & Flails
 - Level 1.5 Dodging
 - Level 2.1 Stealth
 - Level 0.1 Unarmed Combat
 - Level 2.8 Spellcasting
 - Level 1.1 Transmutations
 - Level 0.6 Air Magic
 + Level 5.4 Poison Magic


You had 3 spell levels left.
You knew the following spells:

 Your Spells              Type           Power      Damage    Failure   Level
a - Sting                 Tmut/Pois      52%        1d5       4%          1
b - Poisonous Vapours     Pois/Air       24%        N/A       8%          2
c - Olgreb's Toxic Radia  Pois           20%        N/A       19%         4

Your spell library contained the following spells:

 Spells                   Type           Power      Damage    Failure   Level
 Magic Dart               Conj           8%         1d3       19%         1
 Mephitic Cloud           Conj/Pois/Air  9%         N/A       24%         3
 Call Imp                 Summ           2%         N/A       26%         2


Dungeon Overview and Level Annotations

Branches:
Dungeon (4/15)
 Temple: D:4-7

Altars:

Annotations:
D:4 Menkaure


Innate Abilities, Weirdness & Mutations

You are immune to sickness and miasma.
Your stone body is resilient. (AC +4)
You are immune to poison.
You resist negative energy. (rN+)
You are resistant to electric shocks. (rElec)
You are resistant to unholy torment.
You are immune to petrification.


Message History

There is a stone staircase leading down here.
You climb downwards.
There is a stone staircase leading up here.
Found a stone staircase leading down.
s - a black potion
There is a stone staircase leading down here.
Menkaure, Prince of Dust comes into view.
Menkaure shouts!
Menkaure mumbles some strange words.
Menkaure seems to speed up.
Menkaure is nearby!
Menkaure is nearby!
Menkaure is nearby!
Menkaure is nearby!
A ball python comes into view.
Okay, then.
Menkaure forgets how to speak, silenced by the ages.
Menkaure calls on the powers of darkness!
Your body is wracked with pain!
The ball python convulses!
The ball python hisses angrily.
Menkaure hits you but does no damage.
A water moccasin skeleton comes into view.
You hit Menkaure but do no damage.
Menkaure points at you and mumbles some strange words.
Pain shoots through your body!
An ufetubus comes into view.
The ufetubus shouts!
You hit Menkaure. Your punch misses Menkaure.
Menkaure is lightly damaged.
Menkaure barely misses you.
Menkaure calls on the powers of darkness!
Your body is wracked with pain!
You barely miss Menkaure.
Menkaure is lightly damaged.
Menkaure hits you.
You hit Menkaure. Your punch misses Menkaure.
Menkaure is moderately damaged.
Menkaure misses you. Menkaure hits you!!
Ouch! That really hurt!
You die...

#### ..# #.# ##.##
##.#######.#.##
...Z5SM@..###.###.#
##.#####....##>...#
###...#.#####
#.......#
#.......#####
###.............
........#######.
#####...# ##..#


You could see Menkaure (fast), an ufetubus, a ball python and a water moccasin
skeleton.

Vanquished Creatures
  An orc priest (D:3)
  2 orc wizards (D:3)
  A gnoll (D:1)
  5 adders
  A worm (D:2)
  3 dart slugs
  8 orcs (D:3)
  6 bats
  2 endoplasms (D:1)
  3 giant cockroaches (D:1)
  3 goblins
  5 hobgoblins
  8 jackals
  9 kobolds
  5 quokkas
  7 ball pythons
  4 frilled lizards
  8 rats
81 creatures vanquished.

Notes
Turn   | Place    | Note
-------+----------+-------------------------------------------
     0 | D:1      | ZappyNine the Gargoyle Venom Mage began the quest for the
                  | Orb.
     0 | D:1      | Reached XP level 1. HP: 10/10 MP: 3/3
   153 | D:1      | Reached XP level 2. HP: 5/15 MP: 0/5
   422 | D:1      | Reached skill level 1 in Transmutations
   425 | D:1      | Learned a level 2 spell: Poisonous Vapours
   534 | D:1      | Reached XP level 3. HP: 19/19 MP: 1/6
  1721 | D:2      | Reached skill level 1 in Maces & Flails
  2015 | D:2      | Reached XP level 4. HP: 7/24 MP: 0/8
  2896 | D:3      | Learned a level 4 spell: Olgreb's Toxic Radiance
  2921 | D:3      | Reached skill level 4 in Poison Magic
  3083 | D:3      | Found a faded altar of an unknown god.
  3106 | D:3      | Reached XP level 5. HP: 25/28 MP: 0/9
  3559 | D:3      | Reached skill level 5 in Poison Magic
  4026 | D:3      | Reached XP level 6. HP: 30/33 MP: 5/10
  4312 | D:4      | Noticed Menkaure
  4319 | D:4      | Mangled by Menkaure

Illustrated notes

Levels and vault maps discovered:
D:1:      minmay_arrival_semitransparent, layout_loops_ring, minmay_vboxes
D:2:      layout_rooms, minivault_4
D:3:      layout_loops_ring, hellmonk_ecumenical_altar_lost_god
D:4:      layout_loops_ring, gammafunk_ghost_mausoleum, uniq_blork_the_orc,
          uniq_menkaure, uniq_natasha

Skill      XL: |  1  2  3  4  5 |
---------------+----------------+-----
Transmutations | 1 |  1.1
Maces & Flails | 1 |  1.3
Poison Magic   | 4 5 |  5.4
Fighting       | |  0.6
Dodging        | |  1.5
Stealth        | |  2.1
Unarmed Combat | |  0.1
Spellcasting   | |  2.8
Air Magic      | |  0.6

Action                   |  1- 3 |  4- 6 || total
-------------------------+-------+-------++-------
Melee: Unarmed           |     9 |       ||     9
       Punch             |     5 |     2 ||     7
       Club              |   146 |   148 ||   294
 Cast: Sting             |    14 |     8 ||    22
       Poisonous Vapours |    13 |    28 ||    41
       Olgreb's Toxic Ra |       |     2 ||     2
 Stab: Sleeping          |       |     1 ||     1
Armor: Robe              |   101 |    76 ||   177
Dodge: Dodged            |   141 |   106 ||   247
